Map: 로스트 앤 파운드 - 래더

Players

SuperNova - Winner!

  • Race: Terran Terran
  • League: Grandmaster
  • Spawn Location: 7:00

JimRising

  • Race: Zerg Zerg
  • League: Grandmaster
  • Spawn Location: 1:00

VOD

Have the link to the VOD?

Description

Time

  • Played on: Oct. 17, 2018, 1:14 a.m.
  • Length: 13:22
Show
View Real Time Build Order
Export as new Build Order

SuperNova Terran - Winner!

Build Orders: Reaper Expand, Hellion Banshee, Mech 

Get SALT Encoding   

  12  0:00  SCV  
  13  0:13  SCV  
  14  0:16  Supply Depot  
  14  0:25  SCV  
  15  0:30  Refinery  
  15  0:38  SCV  
  16  0:44  Barracks  
  16  0:50  SCV  
  17  1:02  SCV  
  18  1:14  SCV  
  19  1:31  Orbital Command, Reaper  
  20  1:40  Command Center  
  20  1:51  Supply Depot  
  20  1:58  Factory  
  20  2:02  SCV  
  21  2:08  Barracks Reactor  
  21  2:15  Refinery, SCV  
  22  2:28  SCV  
  23  2:40  SCV  
  24  2:45  Starport  
  24  2:51  Hellion x2  
  28  2:52  SCV  
  28  2:53  Barracks Tech Lab  
  28  2:56  Orbital Command  
  29  3:04  SCV  
  30  3:12  Hellion x2  
  34  3:16  SCV  
  35  3:24  SCV  
  36  3:28  SCV, Viking  
  39  3:35  Supply Depot  
  39  3:37  Hellion  
  39  3:38  Hellion  
  39  3:40  SCV  
  39  3:41  SCV  
  45  3:52  SCV  
  46  3:57  SCV, Cloaking Field  
  46  3:58  Banshee  
  46  4:01  Supply Depot  
  50  4:04  Hellion  
  50  4:05  Hellion  
  54  4:22  SCV  
  54  4:23  SCV  
  56  4:25  Command Center  
  56  4:29  Hellion  
  56  4:31  Hellion  
  56  4:35  SCV x2  
  58  4:41  Supply Depot, Banshee  
  61  4:47  SCV  
  61  4:50  Refinery  
  61  4:51  Refinery  
  62  5:03  Cyclone x2, SCV  
  62  5:06  SCV  
  70  5:07  Supply Depot  
  70  5:24  Armory x2  
  70  5:29  SCV x2  
  70  5:30  Supply Depot  
  70  5:35  Starport Reactor  
  72  5:37  Hellion x2  
  72  5:41  Orbital Command, SCV x2  
  78  5:53  SCV x2  
  80  5:59  Barracks Tech Lab  
  80  6:00  Factory  
  80  6:01  Factory  
  80  6:05  SCV x2  
  80  6:07  Hellion x2  
  86  6:12  Terran Vehicle Weapons Level 1  
  86  6:13  Terran Vehicle And Ship Armor Level 1  
  86  6:15  Orbital Command  
  86  6:17  SCV x2  
  88  6:29  SCV  
  88  6:30  SCV  
  88  6:31  Hellion  
  88  6:32  Hellion  
  88  6:39  Command Center  
  82  6:44  SCV  
  82  6:45  SCV x2  
  81  6:54  Refinery  
  81  6:57  Thor, SCV x2  
  81  6:59  Refinery, Thor  
  81  7:01  SCV  
  96  7:04  Supply Depot  
  96  7:09  SCV  
  96  7:11  Supply Depot  
  96  7:12  Supply Depot  
  96  7:15  Medivac x2  
  101  7:23  Barracks Reactor  
  101  7:24  Factory  
  101  7:25  SCV  
  101  7:26  Factory  
  101  7:27  Hellion  
  101  7:29  Hellion  
  106  7:30  SCV  
  106  7:31  SCV  
  108  7:37  SCV, Infernal Pre-Igniter  
  108  7:41  Supply Depot  
  108  7:42  SCV  
  108  7:43  SCV  
  111  7:47  Siege Tank  
  111  7:49  SCV  
  111  7:50  Siege Tank  
  118  7:54  SCV  
  118  7:55  SCV  
  118  7:56  Supply Depot  
  120  7:59  Engineering Bay  
  120  8:05  Hellion x2  
  124  8:07  Viking x2  
  124  8:10  Supply Depot, Factory Tech Lab  
  124  8:12  SCV x3  
  131  8:15  Terran Vehicle Weapons Level 2  
  131  8:24  SCV x2  
  131  8:25  Planetary Fortress  
  133  8:34  Siege Tank  
  133  8:35  SCV  
  133  8:36  SCV x2  
  139  8:42  Refinery  
  139  8:43  Siege Tank  
  139  8:44  Hellion x2  
  139  8:45  Refinery  
  139  8:46  Hellion  
  139  8:47  SCV  
  149  8:49  Terran Vehicle And Ship Armor Level 2  
  149  8:50  SCV x2  
  151  8:55  Supply Depot  
  151  8:58  Siege Tank, Supply Depot  
  154  9:03  SCV x3  
  154  9:04  Missile Turret  
  154  9:06  Missile Turret, SCV  
  158  9:10  Hellion x2  
  158  9:13  Siege Tank  
  158  9:16  Thor x2  
  157  9:17  Viking  
  157  9:18  Viking  
  157  9:19  SCV x2  
  157  9:21  Siege Tank, Hellion  
  157  9:22  Hellion  
  157  9:23  SCV x2  
  172  9:24  Supply Depot  
  172  9:27  Sensor Tower  
  172  9:31  Sensor Tower  
  172  9:34  Siege Tank  
  172  9:35  Hellion x2  
  180  9:40  Supply Depot  
  179  9:48  Command Center  
  179  9:52  Command Center  
  179  9:53  Siege Tank  
  179  9:54  Viking  
  179  9:56  Viking  
  186  10:07  Siege Tank  
  186  10:09  Missile Turret x2  
  186  10:10  Missile Turret  
  186  10:13  Missile Turret  
  189  10:14  Missile Turret  
  189  10:16  Siege Tank  
  189  10:17  Hellion  
  194  10:28  Hellion  
  196  10:31  Command Center  
  196  10:36  Terran Vehicle Weapons Level 3  
  195  10:49  Siege Tank  
  196  11:00  Siege Tank  
  199  11:05  Terran Ship Weapons Level 1  
  199  11:12  Barracks  
  199  11:20  Sensor Tower  
  199  11:28  Siege Tank  
  200  11:35  Viking, Hellion  
  200  11:39  Viking  
  192  11:52  Hellion x4  
  196  12:03  Starport  
  196  12:05  Starport  
  196  12:06  Hellion  
  188  12:16  Factory x2, Hellion  
  188  12:18  Siege Tank x2  
  188  12:19  Factory, Hellion  
  190  12:23  Siege Tank, Hellion  
  190  12:27  Hellion  
  167  12:30  Viking x2  
  162  12:37  Hellion  
  162  12:40  Hellion  
  162  12:42  Planetary Fortress  
  166  12:44  Refinery x2  
  166  12:45  Hellion  
  166  12:50  Siege Tank  
  166  12:51  Hellion  
  174  12:59  Hellion  
  174  13:01  Hellion  
Show
View Real Time Build Order
Export as new Build Order

JimRising Zerg 

Build Orders: Hatch First, Roach Hydra 

Get SALT Encoding   

  12  0:00  Drone  
  13  0:12  Overlord  
  13  0:18  Drone  
  14  0:31  Drone x2  
  14  0:34  Drone  
  17  0:53  Hatchery  
  17  0:55  Drone  
  17  1:00  Extractor, Drone  
  17  1:15  Spawning Pool  
  17  1:18  Drone  
  17  1:22  Drone  
  18  1:30  Drone  
  19  1:42  Overlord  
  19  1:54  Drone  
  20  2:03  Queen  
  20  2:06  Queen  
  20  2:07  Zergling x4  
  26  2:09  Metabolic Boost  
  26  2:13  Drone  
  27  2:19  Drone  
  27  2:22  Drone  
  29  2:30  Drone  
  29  2:37  Drone  
  31  2:38  Queen  
  31  2:39  Drone  
  34  2:45  Overlord  
  34  2:49  Drone  
  35  3:03  Drone x2  
  37  3:06  Hatchery  
  36  3:13  Drone  
  36  3:14  Drone x5  
  36  3:18  Overlord  
  42  3:22  Drone x2  
  44  3:28  Overlord  
  44  3:39  Roach Warren  
  43  3:42  Queen  
  43  3:45  Drone x4  
  43  3:46  Zergling x2  
  43  3:47  Zergling x2  
  51  3:50  Zergling x2  
  51  3:51  Zergling x2  
  51  3:55  Queen  
  55  4:00  Overlord  
  55  4:02  Extractor  
  54  4:09  Zergling x2  
  55  4:10  Overlord  
  55  4:11  Overlord  
  55  4:18  Lair  
  55  4:20  Roach x3  
  56  4:34  Roach x3  
  56  4:35  Roach  
  56  4:36  Drone x4  
  66  4:44  Zergling x4  
  68  4:49  Spore Crawler  
  68  4:50  Spore Crawler, Drone  
  68  4:51  Spore Crawler  
  68  4:52  Drone  
  67  4:54  Drone x3  
  67  4:59  Overlord  
  70  5:02  Drone  
  70  5:04  Drone x2  
  70  5:05  Extractor  
  72  5:08  Drone x2  
  72  5:12  Overlord  
  74  5:21  Drone x5  
  74  5:22  Drone x3  
  74  5:24  Glial Reconstitution  
  81  5:30  Overseer  
  81  5:36  Drone x2  
  81  5:37  Drone  
  81  5:38  Evolution Chamber  
  81  5:39  Evolution Chamber  
  81  5:42  Drone  
  85  5:43  Roach x3  
  89  5:51  Overlord x2  
  89  5:52  Zergling x2  
  90  5:59  Overlord  
  90  6:00  Extractor  
  89  6:06  Overlord x2  
  89  6:07  Zerg Missile Weapons Level 1, Zerg Ground Armor Level 1  
  89  6:12  Roach x4  
  89  6:13  Overlord  
  89  6:14  Drone  
  98  6:21  Overseer  
  98  6:22  Roach x4  
  104  6:26  Queen  
  104  6:30  Roach x2  
  102  6:35  Roach x2  
  102  6:37  Queen, Roach  
  106  6:44  Drone  
  106  6:45  Overseer  
  105  6:48  Drone x3  
  108  6:54  Overlord  
  108  6:55  Overlord  
  108  6:58  Hatchery  
  107  7:06  Drone  
  107  7:07  Hydralisk Den  
  107  7:12  Drone x3  
  107  7:13  Overlord  
  107  7:14  Extractor x2  
  108  7:22  Drone x3  
  111  7:23  Drone x5  
  111  7:24  Drone, Pneumatized Carapace  
  117  7:32  Spore Crawler  
  117  7:35  Overlord  
  117  7:36  Hydralisk, Grooved Spines  
  117  7:37  Hydralisk x3  
  116  7:41  Hydralisk  
  116  7:43  Drone x4  
  130  7:44  Overseer  
  130  7:57  Hydralisk x3  
  130  7:58  Hydralisk x2  
  140  8:08  Drone  
  140  8:09  Drone x2  
  140  8:12  Hydralisk x2  
  143  8:13  Hydralisk x2  
  143  8:18  Extractor, Hydralisk  
  143  8:19  Overlord x5  
  152  8:22  Extractor  
  151  8:41  Infestation Pit  
  150  8:42  Drone x5  
  150  8:43  Drone x3  
  150  8:48  Muscular Augments  
  158  8:53  Hatchery  
  157  8:56  Extractor  
  157  8:57  Extractor, Hydralisk x8  
  157  9:00  Zerg Ground Armor Level 2  
  166  9:22  Drone x3  
  169  9:25  Zerg Missile Weapons Level 2  
  169  9:26  Hive  
  169  9:28  Drone x3  
  172  9:31  Drone  
  172  9:32  Drone x3  
  172  9:33  Overlord  
  172  9:34  Overlord x2  
  176  9:46  Overlord  
  176  9:50  Spine Crawler x2  
  176  9:52  Spore Crawler, Spine Crawler x2  
  171  9:53  Drone x2  
  171  9:54  Drone x2  
  171  9:55  Drone  
  171  9:58  Spine Crawler  
  176  10:01  Hydralisk  
  176  10:02  Hydralisk x4  
  186  10:11  Hydralisk x3  
  186  10:12  Hydralisk  
  194  10:21  Hydralisk  
  194  10:22  Hydralisk x2  
  194  10:27  Spire  
  185  11:01  Overlord x2  
  185  11:02  Overlord, Viper x4  
  197  11:10  Drone  
  198  11:17  Overlord  
  198  11:21  Spine Crawler  
  198  11:23  Spine Crawler x2  
  198  11:24  Hydralisk x3  
  198  11:25  Spine Crawler  
  200  11:26  Spine Crawler  
  193  11:44  Hydralisk x2  
  193  11:45  Hydralisk  
  199  11:52  Hydralisk  
  195  11:55  Hydralisk  
  195  11:56  Hydralisk x2  
  199  12:04  Hydralisk x2  
  199  12:05  Hydralisk x2  
  197  12:09  Hydralisk  
  179  12:28  Hydralisk x10  
  179  12:29  Hydralisk x16  
  189  12:34  Hydralisk x2  
  157  12:40  Zergling x10  
  157  12:42  Hydralisk  
  164  12:46  Hydralisk x2  
  164  12:48  Overseer  
  164  12:50  Hydralisk  
  164  12:51  Hydralisk  
Tags
 
Add a new tag
Caveats
  • Supply blocks, unpowered buildings, or Contaminate may cause inaccurate times.
  • Supply counts are checked every 10 seconds.